 Dungeon Crawl Stone Soup version 0.31-a0-662-g684573625c (console) character file.

Game seed: 1600094896606896673

207822 jejorda2 the Cleaver (level 18, -3/219 HPs)
             Began as a Gnoll Berserker on Aug 31, 2023.
             Was a High Priest of Trog.
             Engulfed by a death drake's foul pestilence (12 damage)
             ... on level 4 of the Swamp on Sept 1, 2023.
             The game lasted 01:56:35 (38711 turns).

jejorda2 the Cleaver (Gnoll Berserker)             Turns: 38711, Time: 01:56:35

Health: -3/219     AC: 29    Str: 23    XL:     18   Next: 76%
Magic:  34/34      EV: 20    Int:  7    God:    Trog [*****.]
Gold:   2438       SH:  0    Dex: 21    Spells: 42/42 levels left

rFire   + . .        w - +4 executioner's axe (flame)
rCold   . . .        (shield currently unavailable)
rNeg    + + .        W - +0 plate armour {rPois}
rPois   +            y - +1 helmet of Nephuibb {Dex+5}
rElec   .            v - +2 cloak {Will+}
rCorr   .            L - +2 pair of gloves {Dex+3}
SInv    .            C - +2 pair of boots
Will    ++...        u - amulet of Izeuhoemp {Faith Rampage +Blink +Inv rN++} Stlth
                     Q - +5 ring of evasion
HPRegen 0.56/turn    i - ring of protection from fire
MPRegen 0.24/turn

%: rampage, faith
@: berserking, lethally poisoned (-3 -> -18), slowed
A: fangs 1, strong nose, distributed training
}: 1/15 runes: serpentine
a: Renounce Religion, Evoke Blink, Evoke Invisibility, Berserk, Trog's Hand,
Brothers in Arms


You were on level 4 of the Swamp.
You worshipped Trog.
Trog was extremely pleased with you.
You visited 5 branches of the dungeon, and saw 30 of its levels.
You also visited: Bailey and Ice Cave.

You collected 4972 gold pieces.
You spent 2534 gold pieces at shops.

Inventory:

Hand Weapons
 a - a +9 battleaxe of protection
 b - a +6 shortbow
 w - a +4 executioner's axe of flaming (weapon)
Missiles
 h - 8 darts of dispersal
 k - a curare-tipped dart
 r - 13 silver javelins
 F - 50 javelins (quivered)
 M - a throwing net
 O - 10 atropa-tipped darts
 S - 6 datura-tipped darts
Armour
 v - a +2 cloak of willpower (worn)
 y - the +1 helmet of Nephuibb (worn) {Dex+5}
   (You bought it in a shop on level 6 of the Dungeon)

   Dex+5:     It affects your dexterity (+5).
 C - a +2 pair of boots (worn)
 L - a +2 pair of gloves of dexterity (worn)
 W - a +0 plate armour of poison resistance (worn)
Jewellery
 g - a ring of protection from cold
 i - a ring of protection from fire (right hand)
 l - a ring of resist corrosion
 u - the amulet of Izeuhoemp (around neck) {Faith Rampage +Blink +Inv rN++}
   (You acquired it on level 2 of the Snake Pit)

   [amulet of faith]

   Faith:     It allows you to gain divine favour quickly.
   rN++:      It greatly protects you from negative energy.
   +Inv:      It lets you turn invisible.
   +Blink:    It lets you blink.
   Rampage:   It bestows one free step when moving towards enemies.
 E - a +5 ring of evasion
 Q - a +5 ring of evasion (left hand)
 T - a ring of see invisible
Wands
 m - a wand of mindburst (71)
 n - a wand of charming (27)
 t - a wand of roots (39)
 A - a wand of light (8)
 G - a wand of flame (38)
 I - a wand of polymorph (14)
Scrolls
 c - 2 scrolls of blinking
 p - 2 scrolls of fear
 x - 2 scrolls of silence
 D - 7 scrolls of teleportation
 J - 3 scrolls of immolation
 K - 4 scrolls of fog
 N - 2 scrolls of revelation
 R - 2 scrolls of poison
 V - 3 scrolls of summoning
Potions
 d - 13 potions of curing
 e - 7 potions of haste
 f - 3 potions of cancellation
 j - 5 potions of heal wounds
 o - 4 potions of attraction
 q - 3 potions of enlightenment
 s - 8 potions of lignification
 z - a potion of mutation
 B - a potion of invisibility
 H - 4 potions of resistance


   Skills:
 + Level 14.2 Fighting
 + Level 12.8 Short Blades
 + Level 12.8 Long Blades
 + Level 14.2 Axes
 + Level 12.8 Maces & Flails
 + Level 12.8 Polearms
 + Level 12.8 Staves
 + Level 12.8 Ranged Weapons
 + Level 12.8 Throwing
 + Level 13.5 Armour
 + Level 13.5 Dodging
 + Level 12.8 Stealth
 + Level 12.8 Shields
 + Level 12.8 Unarmed Combat
 + Level 12.8 Spellcasting
 + Level 10.9 Conjurations
 + Level 10.9 Hexes
 + Level 10.9 Summonings
 + Level 10.9 Necromancy
 + Level 10.9 Translocations
 + Level 10.9 Transmutations
 + Level 10.9 Fire Magic
 + Level 10.9 Ice Magic
 + Level 10.9 Air Magic
 + Level 10.9 Earth Magic
 + Level 10.9 Poison Magic
 + Level 13.9 Invocations
 + Level 12.8 Evocations
 + Level 11.8 Shapeshifting


You had 42 spell levels left.
You didn't know any spells.
Your spell library was empty.

Dungeon Overview and Level Annotations

Branches:
Dungeon (15/15)            Temple (0/1) D:4            Lair (5/5) D:9
  Swamp (4/4) Lair:2        Snake (4/4) Lair:2        Slime (0/5) Lair:4
    Orc (2/2) D:9             Elf (0/3) Orc:2        Vaults (0/5) D:14
 Depths (0/4) D:15         Bailey (visited)           IceCv (visited)

Altars:
Ashenzari
Cheibriados
Dithmenos
Hepliaklqana
Nemelex Xobeh
Okawaru
Sif Muna
Xom
Zin
The Shining One
Jiyva

Shops:
D:6 [:   D:7 (   D:11 ?   Orc:2 :[**   Snake:2 ((:   Snake:3 ?   Snake:4 (


Innate Abilities, Weirdness & Mutations

You have very sharp teeth.
Your uncanny sense of smell can sniff out nearby items.
Your experience applies equally to all skills.


Message History

You barely miss the death drake. Your bite misses the death drake.
The death drake is lightly wounded.
You feel extremely sick.
The death drake bites you but does no damage.
The death drake misses you.
You feel very sick. The death drake breathes miasma at you.
The foul vapour misses you. The death drake misses you.
You slash the death drake! You burn the death drake.
The death drake is moderately wounded.
You are engulfed in dark miasma.
* * * LOW HITPOINT WARNING * * *
You feel very sick. The death drake closely misses you.
The death drake bites you but does no damage.
A red film seems to cover your vision as you go berserk!
You feel yourself moving faster!
You feel mighty!
You are engulfed in dark miasma.
* * * LOW HITPOINT WARNING * * *
You feel very sick. The death drake barely misses you.
The death drake breathes miasma at you. The foul vapour misses you.
You miss the death drake.
The death drake is moderately wounded.
You are engulfed in dark miasma.
* * * LOW HITPOINT WARNING * * *
You feel sick. The death drake barely misses you.
The death drake bites you but does no damage.
You miss the death drake.
The death drake is moderately wounded.
You feel sick.
The death drake bites you but does no damage.
The death drake breathes miasma at you. The foul vapour misses you.
You barely miss the death drake.
The death drake is moderately wounded.
You are engulfed in dark miasma.
You are lethally poisoned!
You die...

♣♣♣♣ ♣♣♣♣♣~...
♣♣..~~~~~~
♣♣♣♣~~~~~~~~~
♣♣.~♣.~~~~.(..
♣♣.~~.@k...♣
♣§?~~.†.~♣.~~.
♣♣~..~†.♣~.~§~~
♣~~..<~♣ ♣§~~~
..~♣♣♣♣♣♣♣ ~~~
~. ~~ ~
♣§.~~~~.~


You could see a death drake (catching breath).

Vanquished Creatures
  Vashnia (Snake:3)
  Bai Suzhen (Swamp:3)
  A thorn hunter (Swamp:2)
  Agnes (D:14)
  Roxanne (D:15)
  6 nagarajas
  An orc warlord (Orc:2)
  A stone giant (D:15)
  2 eleionomae
  4 bunyips
  A minotaur (Lair:2)
  2 fire dragons
  3 shambling mangroves
  6 anacondas
  12 hydras
  A catoblepas (Lair:5)
  4 centaur warriors
  4 salamander tyrants
  11 alligators
  A ghost crab (Swamp:3)
  2 ogre magi
  9 boulder beetles
  11 two-headed ogres
  A death yak (Lair:2)
  4 tengu warriors
  15 naga warriors
  Sonja (D:11)
  13 naga sharpshooters
  Urug (Orc:1)
  3 shock serpents
  3 goliath frogs
  A sixfirhy (Swamp:4)
  Lodul (D:10)
  3 salamander mystics
  2 sea snakes (Snake:2)
  4 swamp dragons
  3 spriggan druids
  9 naga ritualists
  An orb spider (shapeshifter) (D:14)
  4 bog bodies
  2 deep elf pyromancers (D:15)
  A lindwurm (Lair:5)
  11 orc knights
  19 ugly things
  4 cyclopes
  A will-o-the-wisp (Swamp:3)
  3 orc sorcerers (Orc:2)
  4 manticores
  3 mana vipers
  11 salamanders
  8 elephants
  17 naga magi
  An ice statue (IceCv)
  42 black mambas
  4 guardian serpents
  2 gargoyles
  A torpor snail (Lair:1)
  13 cane toads
  4 centaur skeletons (D:14)
  6 rime drakes
  Maggie (Lair:2)
  Psyche (D:9)
  9 komodo dragons
  3 yaktaurs (D:14)
  4 kobold demonologists
  3 tengu conjurers
  An ice devil (IceCv)
  3 polar bears
  5 hornets
  8 trolls
  3 meliai (D:15)
  7 tyrant leeches
  19 blink frogs
  A wolf spider simulacrum (D:14)
  A dream sheep (Lair:5)
  Sigmund (D:3)
  15 slime creatures
  3 wyverns
  3 wraiths
  4 shadows
  A spriggan (Swamp:2)
  A dire elephant simulacrum (IceCv)
  6 basilisks
  45 yaks
  7 vampire mosquitoes
  3 steam dragons
  45 nagas
  A death yak simulacrum (IceCv)
  3 acid dragons
  13 swamp worms
  9 wargs
  11 water moccasins
  4 hydra simulacra (IceCv)
  5 swamp drakes
  47 orc warriors
  8 ice beasts
  A sky beast (D:8)
  2 black bears
  16 wolves
  23 ogres
  23 centaurs
  A kobold brigand (D:14)
  13 bullfrogs
  A gnoll sergeant (D:12)
  A scorpion (D:6)
  5 two-headed ogre simulacra (IceCv)
  3 cane toad simulacra (IceCv)
  14 wights
  21 killer bees
  An elephant simulacrum (IceCv)
  8 howler monkeys
  An electric eel (Snake:2)
  2 jellies
  3 hounds
  13 orc priests
  Crazy Yiuf (D:3)
  9 iguanas
  Ijyb (D:3)
  Terence (D:3)
  17 orc wizards
  Natasha (thrice) (D:2)
  3 polar bear simulacra (IceCv)
  7 spriggan simulacra (IceCv)
  9 troll simulacra (IceCv)
  3 wolf simulacra (IceCv)
  Robin (D:2)
  10 gnolls
  7 adders
  5 naga simulacra (IceCv)
  A shadow imp (D:5)
  22 white imps
  3 ufetubi (IceCv)
  5 worms
  3 dart slugs
  95 orcs
  5 bats (D:2)
  2 endoplasms
  7 giant cockroaches
  5 hobgoblins
  4 jackals (D:5)
  13 kobolds
  4 quokkas
  4 ball pythons
  3 frilled lizards (D:2)
  13 goblins
  5 rats (D:1)
1039 creatures vanquished.

Vanquished Creatures (collateral kills)
  A minotaur (Lair:1)
  The ghost of Goober42 the Thaumaturge, a journeyman DECj of Dithmenos (Lair:1)
  3 death yaks (Lair:2)
  A naga sharpshooter (Snake:3)
  A skeletal warrior (D:14)
  A salamander (Snake:3)
  2 black mambas (Lair:1)
  A komodo dragon (Lair:1)
  2 yaktaurs (D:14)
  3 yaks
  A warg (Orc:2)
  A water moccasin (Lair:1)
  2 orc warriors (Orc:2)
  3 ogres
  A bullfrog (Lair:1)
  2 orcs (Orc:2)
26 creatures vanquished.

Vanquished Creatures (others)
  A black mamba (Snake:3)
  A komodo dragon (Lair:5)
  A bloated husk (Swamp:2)
  2 nagas
  A centaur (Bailey)
  An orc wizard (Orc:2)
  3 orcs
  2 foxfires (Swamp:3)
12 creatures vanquished.

Grand Total: 1077 creatures vanquished

Notes
Turn   | Place    | Note
-------+----------+-------------------------------------------
     0 | D:1      | jejorda2 the Gnoll Berserker began the quest for the Orb.
     0 | D:1      | Reached XP level 1. HP: 23/23 MP: 1/1
   203 | D:1      | Reached XP level 2. HP: 23/29 MP: 2/2
   656 | D:2      | Reached XP level 3. HP: 35/35 MP: 2/4
   663 | D:2      | Reached skill level 1 in Invocations
   945 | D:2      | Reached skill level 1 in Short Blades
   945 | D:2      | Reached skill level 1 in Long Blades
   945 | D:2      | Reached skill level 1 in Maces & Flails
   945 | D:2      | Reached skill level 1 in Polearms
   945 | D:2      | Reached skill level 1 in Staves
   945 | D:2      | Reached skill level 1 in Ranged Weapons
   945 | D:2      | Reached skill level 1 in Throwing
   945 | D:2      | Reached skill level 1 in Stealth
   945 | D:2      | Reached skill level 1 in Shields
   945 | D:2      | Reached skill level 1 in Unarmed Combat
   945 | D:2      | Reached skill level 1 in Spellcasting
   945 | D:2      | Reached skill level 1 in Evocations
   966 | D:2      | Reached ** piety under Trog
  1055 | D:2      | Noticed Robin
  1059 | D:2      | Reached XP level 4. HP: 37/41 MP: 5/5
  1062 | D:2      | Reached skill level 1 in Shapeshifting
  1063 | D:2      | Killed Robin
  1219 | D:2      | Noticed Natasha
  1229 | D:2      | Killed Natasha
  1230 | D:2      | Reached skill level 1 in Conjurations
  1230 | D:2      | Reached skill level 1 in Hexes
  1230 | D:2      | Reached skill level 1 in Summonings
  1230 | D:2      | Reached skill level 1 in Necromancy
  1230 | D:2      | Reached skill level 1 in Translocations
  1230 | D:2      | Reached skill level 1 in Transmutations
  1230 | D:2      | Reached skill level 1 in Fire Magic
  1230 | D:2      | Reached skill level 1 in Ice Magic
  1230 | D:2      | Reached skill level 1 in Air Magic
  1230 | D:2      | Reached skill level 1 in Earth Magic
  1230 | D:2      | Reached skill level 1 in Poison Magic
  1376 | D:2      | Noticed Natasha
  1389 | D:2      | Killed Natasha
  1390 | D:2      | Reached XP level 5. HP: 33/47 MP: 5/7
  1632 | D:2      | Noticed Natasha
  1647 | D:2      | Killed Natasha
  1923 | D:3      | Found a shadowy altar of Dithmenos.
  1923 | D:3      | Found a shimmering blue altar of Sif Muna.
  1923 | D:3      | Noticed Terence
  1928 | D:3      | Killed Terence
  2039 | D:3      | Noticed Sigmund
  2049 | D:3      | Killed Sigmund
  2050 | D:3      | Reached skill level 5 in Armour
  2050 | D:3      | Reached skill level 5 in Dodging
  2050 | D:3      | Reached XP level 6. HP: 53/53 MP: 7/9
  2300 | D:3      | Found a snail-covered altar of Cheibriados.
  2312 | D:3      | Reached XP level 7. HP: 59/59 MP: 10/10
  2659 | D:3      | Found a runed translucent door.
  2660 | D:3      | Noticed Crazy Yiuf
  2660 | D:3      | Noticed Ijyb
  2666 | D:3      | Killed Crazy Yiuf
  2668 | D:3      | Killed Ijyb
  2873 | D:4      | Found a staircase to the Ecumenical Temple.
  2994 | D:4      | Noticed a wyvern
  3005 | D:4      | Killed a wyvern
  3274 | D:5      | Entered Level 5 of the Dungeon
  3363 | D:5      | Reached XP level 8. HP: 67/67 MP: 12/12
  3365 | D:5      | Reached *** piety under Trog
  3510 | D:5      | Found an iron altar of Okawaru.
  4252 | D:6      | Found Jeucumem's Tremendous Tomes.
  4274 | D:6      | Found a broken altar of Ashenzari.
  4806 | D:6      | Identified the amulet of the Camelopard {Acrobat Str+3}
  4950 | D:6      | Reached XP level 9. HP: 73/73 MP: 14/14
  5223 | D:6      | Found Qythij's Antique Armour Boutique.
  5231 | D:6      | Bought a spiked helmet for 275 gold pieces
  5231 | D:6      | Identified the +1 helmet of Nephuibb {Dex+5} (You bought it
                  | in a shop on level 6 of the Dungeon)
  5712 | D:7      | Found Kuunaemi's Antique Weapon Shop.
  5970 | D:7      | Found a sparkling altar of Nemelex Xobeh.
  6019 | D:7      | Found a hazy altar of Hepliaklqana.
  6147 | D:8      | Identified the +1 trident of Qidyt {flame, rCorr Dex+3
                  | Stlth+}
  6566 | D:8      | Reached skill level 5 in Invocations
  6876 | D:9      | Noticed Psyche
  6886 | D:9      | Killed Psyche
  6887 | D:9      | Reached XP level 10. HP: 80/80 MP: 17/17
  6901 | D:9      | Noticed a two-headed ogre
  6916 | D:9      | Killed a two-headed ogre
  6917 | D:9      | Reached skill level 5 in Short Blades
  6917 | D:9      | Reached skill level 5 in Long Blades
  6917 | D:9      | Reached skill level 5 in Maces & Flails
  6917 | D:9      | Reached skill level 5 in Polearms
  6917 | D:9      | Reached skill level 5 in Staves
  6917 | D:9      | Reached skill level 5 in Ranged Weapons
  6917 | D:9      | Reached skill level 5 in Throwing
  6917 | D:9      | Reached skill level 5 in Stealth
  6917 | D:9      | Reached skill level 5 in Shields
  6917 | D:9      | Reached skill level 5 in Unarmed Combat
  6917 | D:9      | Reached skill level 5 in Spellcasting
  6917 | D:9      | Reached skill level 5 in Evocations
  7054 | D:9      | Reached **** piety under Trog
  7099 | D:9      | Reached skill level 5 in Shapeshifting
  7158 | D:9      | Noticed a cyclops
  7165 | D:9      | Killed a cyclops
  7176 | D:9      | Found a staircase to the Lair.
  7215 | D:9      | Found a flagged portal.
  7224 | D:9      | Reached XP level 11. HP: 62/87 MP: 19/19
  7263 | Bailey   | Entered a bailey
  7526 | Bailey   | Reached skill level 5 in Conjurations
  7526 | Bailey   | Reached skill level 5 in Hexes
  7526 | Bailey   | Reached skill level 5 in Summonings
  7526 | Bailey   | Reached skill level 5 in Necromancy
  7526 | Bailey   | Reached skill level 5 in Translocations
  7526 | Bailey   | Reached skill level 5 in Transmutations
  7526 | Bailey   | Reached skill level 5 in Fire Magic
  7526 | Bailey   | Reached skill level 5 in Ice Magic
  7526 | Bailey   | Reached skill level 5 in Air Magic
  7526 | Bailey   | Reached skill level 5 in Earth Magic
  7526 | Bailey   | Reached skill level 5 in Poison Magic
  8755 | D:9      | Found a glowing silver altar of Zin.
  9043 | D:9      | Found a staircase to the Orcish Mines.
  9174 | Lair:1   | Entered Level 1 of the Lair of Beasts
  9744 | Lair:1   | Noticed a minotaur
  9745 | Lair:1   | Noticed Goober42's ghost (journeyman DECj)
  9758 | Lair:1   | Found a runed translucent gate.
  9758 | Lair:1   | Found a runed translucent gate.
  9758 | Lair:1   | Found a runed translucent gate.
  9940 | Lair:1   | Noticed a boulder beetle
  9962 | Lair:1   | Killed a boulder beetle
  9963 | Lair:1   | Reached XP level 12. HP: 80/97 MP: 22/22
 10492 | Lair:1   | You fall into a shaft and drop 1 floor!
 10525 | Lair:2   | Noticed a boulder beetle
 10824 | Lair:1   | Killed Goober42's ghost
 10825 | Lair:1   | Reached skill level 10 in Fighting
 10825 | Lair:1   | Reached skill level 10 in Axes
 10832 | Lair:1   | Killed a minotaur
 11031 | Lair:2   | Found a staircase to the Swamp.
 11185 | Lair:2   | Noticed a death yak
 11185 | Lair:2   | Noticed a death yak
 11195 | Lair:2   | Noticed a death yak
 11198 | Lair:2   | Noticed a death yak
 11204 | Lair:2   | Killed a death yak
 11212 | Lair:2   | Killed a death yak
 11214 | Lair:2   | Killed a death yak
 11231 | Lair:2   | Killed a death yak
 11284 | Lair:2   | Reached XP level 13. HP: 98/104 MP: 23/25
 11647 | Lair:2   | Found a staircase to the Snake Pit.
 12224 | Lair:2   | Found a runed translucent door.
 12271 | Lair:2   | Noticed Maggie
 12283 | Lair:2   | Killed Maggie
 12371 | Lair:2   | Noticed a minotaur
 12378 | Lair:2   | Killed a minotaur
 12603 | D:6      | Bought a glowing plate armour for 754 gold pieces
 14692 | Lair:4   | Found a viscous altar of Jiyva.
 14695 | Lair:4   | Found a staircase to the Slime Pits.
 15146 | Lair:4   | Reached skill level 10 in Armour
 15146 | Lair:4   | Reached skill level 10 in Dodging
 15223 | Lair:4   | Identified the +6 trident of True Grit {drain, rPois rCorr
                  | Int-5}
 15264 | Lair:4   | Identified the +2 spear of Dumue {antimagic, rF+ Int+7
                  | Stlth+}
 15830 | Lair:5   | Entered Level 5 of the Lair of Beasts
 16300 | Lair:5   | Reached XP level 14. HP: 95/113 MP: 25/27
 16569 | Lair:5   | Reached skill level 10 in Invocations
 17231 | Lair:5   | Identified the +6 plate armour "Diahas" {rC- Int+5 Dex+2}
 17504 | D:10     | Entered Level 10 of the Dungeon
 17637 | D:6      | Bought a glowing helmet for 217 gold pieces
 18558 | D:10     | Found a glowing golden altar of the Shining One.
 18726 | D:11     | Found The Oracle's Delphic Readings.
 18731 | D:11     | Bought a scroll of immolation for 64 gold pieces
 18770 | D:11     | Noticed Sonja
 18785 | D:11     | Noticed Lodul
 18791 | D:11     | Killed Sonja
 18809 | D:10     | Killed Lodul
 18981 | D:11     | Identified the +7 rapier "Limyve" {antimagic, Str+3}
 19321 | D:12     | Found a frozen archway.
 19328 | D:12     | Reached ***** piety under Trog
 19366 | IceCv    | Entered an ice cave
 19962 | IceCv    | Reached XP level 15. HP: 120/120 MP: 28/28
 20327 | IceCv    | Identified the +5 flail of Cetihig {heavy, *Slow Str+5}
                  | (Trog gifted it to you in an ice cave)
 20327 | IceCv    | Received a gift from Trog
 20868 | D:12     | You fall into a shaft and drop 1 floor!
 20921 | D:13     | Reached skill level 10 in Short Blades
 20921 | D:13     | Reached skill level 10 in Long Blades
 20921 | D:13     | Reached skill level 10 in Maces & Flails
 20921 | D:13     | Reached skill level 10 in Polearms
 20921 | D:13     | Reached skill level 10 in Staves
 20921 | D:13     | Reached skill level 10 in Ranged Weapons
 20921 | D:13     | Reached skill level 10 in Throwing
 20921 | D:13     | Reached skill level 10 in Stealth
 20921 | D:13     | Reached skill level 10 in Shields
 20921 | D:13     | Reached skill level 10 in Unarmed Combat
 20921 | D:13     | Reached skill level 10 in Spellcasting
 20921 | D:13     | Reached skill level 10 in Evocations
 21901 | D:12     | Identified a scroll of acquirement
 21908 | D:12     | Acquired 849 gold pieces
 22323 | D:14     | Noticed Agnes
 22765 | D:14     | Killed Agnes
 22789 | D:14     | Found a gate to the Vaults.
 22953 | D:14     | Received a gift from Trog
 23388 | D:15     | Entered Level 15 of the Dungeon
 23773 | D:15     | Reached XP level 16. HP: 83/129 MP: 30/30
 24077 | D:15     | Found a staircase to the Depths.
 24203 | D:15     | Noticed Roxanne
 24231 | D:15     | Reached skill level 10 in Shapeshifting
 24293 | D:15     | Killed Roxanne
 24511 | D:15     | Found an iron altar of Okawaru.
 24798 | Orc:1    | Entered Level 1 of the Orcish Mines
 24798 | Orc:1    | Noticed Urug
 24807 | Orc:1    | Killed Urug
 25257 | Orc:2    | Entered Level 2 of the Orcish Mines
 25257 | Orc:2    | Found a staircase to the Elven Halls.
 26076 | Orc:2    | Found Fithiora's Book Emporium.
 26076 | Orc:2    | Found Efearin's Antique Armour Shop.
 26131 | Orc:2    | Found Irer's General Store.
 26153 | Orc:2    | Found Nuhivuhigy's Assorted Antiques.
 26280 | Orc:2    | Bought a shiny plate armour for 910 gold pieces
 26280 | Orc:2    | Bought a pair of runed boots for 262 gold pieces
 26411 | Snake:1  | Entered Level 1 of the Snake Pit
 27091 | Snake:1  | You fall into a shaft and drop 1 floor!
 27091 | Snake:2  | Found Jouruf's Weapon Emporium.
 27091 | Snake:2  | Found Amokkem's Antique Weapon Shoppe.
 27091 | Snake:2  | Found Diwocuxt's Book Emporium.
 27635 | Snake:2  | Noticed a nagaraja
 27650 | Snake:2  | Killed a nagaraja
 27893 | Snake:2  | Reached XP level 17. HP: 136/136 MP: 32/32
 27897 | Snake:2  | Received a gift from Trog
 28005 | Snake:2  | Acquired the amulet of Izeuhoemp {Faith Rampage +Blink +Inv
                  | rN++}
 29337 | Snake:3  | Found Hilon Moc's Magic Scroll Shop.
 29355 | Snake:3  | Bought a scroll of fear for 52 gold pieces
 29719 | Snake:3  | Identified the +0 plate armour "Vuoxoemn" {rN+ Will+}
 30036 | Snake:3  | Reached skill level 10 in Conjurations
 30036 | Snake:3  | Reached skill level 10 in Hexes
 30036 | Snake:3  | Reached skill level 10 in Summonings
 30036 | Snake:3  | Reached skill level 10 in Necromancy
 30036 | Snake:3  | Reached skill level 10 in Translocations
 30036 | Snake:3  | Reached skill level 10 in Transmutations
 30036 | Snake:3  | Reached skill level 10 in Fire Magic
 30036 | Snake:3  | Reached skill level 10 in Ice Magic
 30036 | Snake:3  | Reached skill level 10 in Air Magic
 30036 | Snake:3  | Reached skill level 10 in Earth Magic
 30036 | Snake:3  | Reached skill level 10 in Poison Magic
 30606 | Snake:4  | Entered Level 4 of the Snake Pit
 30720 | Snake:4  | Noticed Vashnia
 30834 | Snake:4  | Received a gift from Trog
 30989 | Snake:3  | Killed Vashnia
 31236 | Snake:4  | Found Qonogarr's Weapon Shop.
 31428 | Snake:4  | Found a shimmering altar of Xom.
 33106 | Snake:4  | Received a gift from Trog
 33170 | Snake:4  | Reached XP level 18. HP: 145/145 MP: 34/34
 34218 | Snake:4  | Got a serpentine rune of Zot
 34819 | Snake:4  | Found Qonogarr's Weapon Shop.
 34837 | Snake:4  | Found a shimmering altar of Xom.
 35405 | Swamp:1  | Entered Level 1 of the Swamp
 38251 | Swamp:4  | Entered Level 4 of the Swamp
 38306 | Swamp:4  | Noticed Bai Suzhen
 38325 | Swamp:3  | Killed Bai Suzhen
 38709 | Swamp:4  | HP: 10/219 [poisoned by a death drake (dark miasma)]
 38711 | Swamp:4  | Engulfed by a death drake's foul pestilence

Illustrated notes

Levels and vault maps discovered:
D:1:      onia_arrival_pentagram, layout_loops_ring
D:2:      layout_basic, hex_tiny, uniq_natasha, uniq_robin
D:3:      layout_loops_corners, cheibrodos_worm_habitat,
          chequers_temple_overflow_statue_of_worship, uniq_crazy_yiuf_cottage,
          uniq_terence, uniq_ijyb, uniq_sigmund
D:4:      layout_cave_pools, minmay_temple_entry_statues_pillars
D:5:      layout_basic, mainiacjoe_overflow_surrounded_room,
          dreamdust_princess_corridor
D:6:      layout_layer_cave, amcnicky_altar_gilded, serial_shops, shop,
          nicolae_shop_i_like_big_books
D:7:      layout_rooms, nemelex_diamond_rough_becter, marbit_many_paths,
          serial_shops, shop
D:8:      layout_loops_cross
D:9:      layout_long_grid, mainiacjoe_overflow_chevrons,
          hellmonk_lair_entry_icy, erik_orc_1, enter_bailey_2,
          minmay_misc_feat_more_columns, dk_noncrumbling_2, grunt_ministairs_13,
          uniq_psyche
D:10:     minmay_diamond_stairs, layout_irregular_city, tso_altar,
          kennysheep_generic_room_11
D:11:     layout_rooms, nicolae_nh_oracle_at_delphi, uniq_lodul, uniq_sonja
D:12:     layout_irregular_city, portal_ice_cave_entry_imps
D:13:     layout_irregular_city
D:14:     layout_rooms, hangedman_vaults_entry_quadrant_bands, uniq_agnes
D:15:     grunt_enter_depths_snipers, layout_long_grid,
          hellmonk_okawaru_the_only_friend_you_need, uniq_roxanne
Lair:1:   layout_chaotic_city, maelrawn_ghost_gauntlet_escape,
          small_statue_intersection, minmay_shattered_shrine
Lair:2:   dreamdust_labyrinth, layout_misc_corridors, minmay_swamp_entry_worms,
          guppyfry_snake_entry_garden, serial_rivers,
          chequers_serial_rivers_room_b, chequers_serial_rivers_micro_d,
          chequers_serial_rivers_large_a, chequers_serial_rivers_marsh,
          chequers_serial_rivers_micro_c, grunt_forest_small_clearing_treed,
          grunt_megastairs_4, uniq_maggie
Lair:3:   layout_regular_city, serial_rivers, chequers_serial_rivers_marsh,
          chequers_serial_rivers_marsh, chequers_serial_rivers_micro_b,
          chequers_serial_rivers_room_a, grunt_megastairs_2,
          infiniplex_staircase_pool_2, serial_bayou_shore_b,
          serial_bayou_shore_b
Lair:4:   layout_small_grid, dpeg_slime_entry_corner, bobbens_ice_dragon_lair
Lair:5:   hangedman_lair_in_review, layout_gridlike, guppyfry_lair_end_dragon,
          st_stairs_3
Swamp:1:  layout_falls_marsh, evilmike_swamp_ruin_house_5
Swamp:2:  layout_basic_swamp, nicolae_swamp_tree_designs,
          infiniplex_staircase_pool
Swamp:3:  layout_basic_swamp, hangedman_swamp_ruin_wall, swamp_pool2
Swamp:4:  nzn_swamp_witches_coven, layout_basic_swamp,
          cheibrodos_swamp_pet_leeches, uniq_bai_suzhen
Snake:1:  layout_rooms
Snake:2:  layout_basic, minmay_shop_star, serial_bayou_shore_a,
          grunt_megastairs_3
Snake:3:  layout_misc_corridors, serial_shops, shop, st_stairs_12,
          nicolae_snake_scaly_snakehead, grunt_megastairs_1
Snake:4:  snake_pit, layout_layer_cave, serial_shops, shop, basic_altar,
          uniq_vashnia
Orc:1:    layout_caves, uniq_urug
Orc:2:    st_orc_town, layout_caves, rock_pile

Skill      XL: |  1  2  3  4  5  6  7  8  9 10 11 12 13 14 15 16 17 18 |
---------------+-------------------------------------------------------+-----
Invocations    | 1 2 3 4 5 6 7 8 9 10 11 12 13 | 13.9
Short Blades   | 1 2 3 4 5 7 8 9 10 11 12 | 12.8
Long Blades    | 1 2 3 4 5 7 8 9 10 11 12 | 12.8
Maces & Flails | 1 2 3 4 5 7 8 9 10 11 12 | 12.8
Polearms       | 1 2 3 4 5 7 8 9 10 11 12 | 12.8
Staves         | 1 2 3 4 5 7 8 9 10 11 12 | 12.8
Ranged Weapons | 1 2 3 4 5 7 8 9 10 11 12 | 12.8
Throwing       | 1 2 3 4 5 7 8 9 10 11 12 | 12.8
Stealth        | 1 2 3 4 5 7 8 9 10 11 12 | 12.8
Shields        | 1 2 3 4 5 7 8 9 10 11 12 | 12.8
Unarmed Combat | 1 2 3 4 5 7 8 9 10 11 12 | 12.8
Spellcasting   | 1 2 3 4 5 7 8 9 10 11 12 | 12.8
Evocations     | 1 2 3 4 5 7 8 9 10 11 12 | 12.8
Shapeshifting  | 1 2 3 4 5 6 7 8 9 10 11 | 11.8
Conjurations   | 1 2 3 4 5 6 7 8 9 10 | 10.9
Hexes          | 1 2 3 4 5 6 7 8 9 10 | 10.9
Summonings     | 1 2 3 4 5 6 7 8 9 10 | 10.9
Necromancy     | 1 2 3 4 5 6 7 8 9 10 | 10.9
Translocations | 1 2 3 4 5 6 7 8 9 10 | 10.9
Transmutations | 1 2 3 4 5 6 7 8 9 10 | 10.9
Fire Magic     | 1 2 3 4 5 6 7 8 9 10 | 10.9
Ice Magic      | 1 2 3 4 5 6 7 8 9 10 | 10.9
Air Magic      | 1 2 3 4 5 6 7 8 9 10 | 10.9
Earth Magic    | 1 2 3 4 5 6 7 8 9 10 | 10.9
Poison Magic   | 1 2 3 4 5 6 7 8 9 10 | 10.9
Armour         | 5 6 7 8 9 10 11 12 13 | 13.5
Dodging        | 5 6 7 8 9 10 11 12 13 | 13.5
Fighting       | 7 8 9 10 11 12 13 14 | 14.2
Axes           | 7 8 9 10 11 12 13 14 | 14.2

Action                     |  1- 3 |  4- 6 |  7- 9 | 10-12 | 13-15 | 16-18 || total
---------------------------+-------+-------+-------+-------+-------+-------++-------
  Melee: Hand axe          |    93 |    71 |     2 |       |       |       ||   166
         Bite              |    10 |     8 |    24 |    94 |   222 |   266 ||   624
         Punch             |     1 |     3 |     7 |    11 |     6 |       ||    28
         Long sword        |       |    25 |   106 |       |       |       ||   131
         Broad axe         |       |       |   116 |   334 |       |       ||   450
         Battleaxe         |       |       |       |   363 |  1331 |  1520 ||  3214
         Halberd           |       |       |       |    10 |       |       ||    10
         Glaive            |       |       |       |     1 |       |       ||     1
         Trident           |       |       |       |       |    36 |       ||    36
         Executioner's axe |       |       |       |       |       |   155 ||   155
   Fire: Shortbow          |       |       |       |       |    60 |    35 ||    95
  Throw: Dart              |       |       |       |       |    34 |       ||    34
         Javelin           |       |       |       |       |    75 |    24 ||    99
         Boomerang         |       |       |       |       |     5 |       ||     5
 Invoke: Berserk           |     1 |     3 |     8 |    15 |    28 |    41 ||    96
         Trog's Hand       |       |     2 |     3 |    10 |     8 |    10 ||    33
         Brothers in Arms  |       |       |       |     2 |     3 |     2 ||     7
  Evoke: Wand              |       |       |       |     3 |       |       ||     3
    Use: Scroll            |       |       |    21 |     7 |    11 |    11 ||    50
         Potion            |       |       |       |     4 |     1 |     1 ||     6
   Stab: Confused          |       |       |       |       |     1 |       ||     1
         Distracted        |       |       |       |       |       |     4 ||     4
 Armour: Animal skin       |     9 |       |       |       |       |       ||     9
         Ring mail         |    21 |       |       |       |       |       ||    21
         Chain mail        |    19 |    68 |   204 |   743 |   142 |       ||  1176
         Plate armour      |       |       |       |       |   921 |  1209 ||  2130
  Dodge: Dodged            |    59 |    35 |   153 |   932 |  1825 |  2133 ||  5137

Table legend: (Time is in decaauts)
 A = Elapsed time spent in this place.
 B = Non-inter-level travel time spent in this place.
 C = Inter-level travel time spent in this place.
 D = Time resting spent in this place.
 E = Time spent auto-exploring this place.
 F = Levels seen in this place.
 G = Mean time per level.
                   A        B        C        D        E       F      G
               +--------+--------+--------+--------+--------+-----+--------+
         Total |  40083 |  37057 |   3026 |   5966 |  21823 |  32 | 1252.6 |
       Dungeon |  14861 |  13179 |   1682 |   1407 |   8342 |  15 |  990.7 |
          Lair |   8908 |   8316 |    592 |   1004 |   5180 |   5 | 1781.6 |
         Swamp |   3533 |   3326 |    207 |    913 |   1751 |   4 |  883.2 |
     Snake Pit |   8578 |   8149 |    429 |   1513 |   5132 |   4 | 2144.5 |
  Orcish Mines |   1609 |   1495 |    114 |    255 |    631 |   2 |  804.5 |
        Bailey |   1134 |   1134 |      0 |    226 |    453 |   1 | 1134.0 |
      Ice Cave |   1457 |   1457 |      0 |    645 |    333 |   1 | 1457.0 |
               +--------+--------+--------+--------+--------+-----+--------+

Top non-repeatable levels by time:
 Snake:4: 3602 daAuts
 Snake:3: 2936 daAuts
  Lair:2: 2755 daAuts
  Lair:1: 1884 daAuts
     D:9: 1749 daAuts
 Snake:2: 1579 daAuts
  Lair:5: 1499 daAuts
   IceCv: 1457 daAuts
     D:6: 1438 daAuts
  Lair:4: 1402 daAuts
 Swamp:2: 1385 daAuts
  Lair:3: 1366 daAuts
    D:15: 1277 daAuts
 Swamp:3: 1233 daAuts
     D:3: 1162 daAuts
